 Dungeon Crawl Stone Soup version 0.17-a0-2208-ge5ab1d3 (webtiles) character file.

67 kosy22 the Skirmisher (level 4, -4/40 HPs)
             Began as a Hill Orc Fighter on Oct 26, 2015.
             Slain by a wight
             ... wielding a +0 scimitar
              (10 damage)
             ... on level 3 of the Dungeon.
             The game lasted 00:03:30 (1843 turns).

kosy22 the Skirmisher (Hill Orc Fighter)            Turns: 1843, Time: 00:03:30

Health: -4/40      AC:  6    Str: 19    XL:     4   Next: 16%
Magic:  4/4        EV:  7    Int:  8    God:
Gold:   137        SH:  9    Dex: 10    Spells: 0 memorised, 3 levels left

rFire  . . .     SeeInvis .     a - +0 war axe
rCold  . . .     Clarity  .     b - +0 scale mail
rNeg   . . .     SustAt   +     c - +0 shield
rPois  .         Gourm    .     (no helmet)
rElec  .         Spirit   .     (no cloak)
rCorr  .         Warding  .     (no gloves)
rMut   .         Stasis   .     (no boots)
MR     .....                    (no amulet)
Stlth  ..........               (no ring)
                                j - ring of sustain attributes

@: drained, not resistant to hostile enchantments, extremely unstealthy
A: no striking features
a: no special abilities


You were on level 3 of the Dungeon.
You were not hungry.

You visited 1 branch of the dungeon, and saw 3 of its levels.

You collected 137 gold pieces.

Inventory:

Hand Weapons
 a - a +0 war axe (weapon)
Missiles
 h - 3 tomahawks (quivered)
 k - 3 needles of confusion
 n - 14 poisoned needles
Armour
 b - a +0 scale mail (worn)
 c - a +0 shield (worn)
Jewellery
 j - a ring of sustain attributes (left hand)
Scrolls
 f - 3 scrolls of magic mapping
 g - a scroll of amnesia
 i - 2 scrolls of identify
 m - a scroll of enchant weapon {unknown}
 o - a scroll of teleportation {unknown}
 p - a scroll of random uselessness {unknown}
 t - a scroll of noise {unknown}
Potions
 d - a potion of might
 l - a potion of agility {unknown}
 q - a potion of cancellation {unknown}
 r - a potion of degeneration
 s - a potion of brilliance {unknown}
Comestibles
 e - 2 bread rations


   Skills:
 + Level 4.3(3.9) Fighting
 + Level 3.0(2.6) Axes
 + Level 3.7(3.3) Armour
 + Level 0.7(0.3) Dodging
 + Level 0.1(0.0) Stealth
 + Level 4.1(3.7) Shields


You had 3 spell levels left.
You didn't know any spells.

Dungeon Overview and Level Annotations

Branches:
Dungeon (3/15)

Altars:


Message History

You hit the wight but do no damage. The wight hits you but does no damage.
The wight hits you from afar with a spear.
The wight hits you but does no damage. x3
You closely miss the wight.
The wight is heavily damaged.
You barely miss the wight. The wight barely misses you.
The wight hits you with an enchanted dire flail!
* * * LOW HITPOINT WARNING * * *
You feel drained.
* * * LOW HITPOINT WARNING * * *
The wight hits you from afar with a spear.
* * * LOW HITPOINT WARNING * * *
Unknown command.
Read which item? (? for menu, Esc to quit)
As you read the scroll labeled ONLYAG ZOEMN, it crumbles to dust.
It is a scroll of identify.
Identify which item? (\ to view known items) (? for menu, Esc to quit)
r - a potion of degeneration The wight hits you with a scimitar!
You die...

#..........#
#..........###
#..........#..
#............
#.........#
##....z...##
#....zz....#
#.....@....# ..
#..........# ..
#..........# ...
#..........####### ....
##..........^....##....
##..............#.....
######<..).......#
#.........###
#..)......#


You could see 3 wights.

Vanquished Creatures
  An adder (D:2)
  2 worms (D:2)
  An orc (D:3)
  A ball python (D:1)
  3 hobgoblins
  7 jackals
  6 kobolds (D:1)
  3 bats
  4 giant cockroaches
  3 giant newts
  8 goblins (D:1)
  11 rats
50 creatures vanquished.

Notes
Turn   | Place    | Note
--------------------------------------------------------------
     0 | D:1      | kosy22 the Hill Orc Fighter began the quest for the Orb.
     0 | D:1      | Reached XP level 1. HP: 19/19 MP: 1/1
    16 | D:1      | Reached XP level 2. HP: 18/27 MP: 2/2
   337 | D:1      | Reached skill level 4 in Fighting
   407 | D:1      | Reached XP level 3. HP: 30/33 MP: 3/3
  1337 | D:2      | Reached XP level 4. HP: 38/40 MP: 4/4
  1843 | D:3      | Slain by a wight

Vault maps used:
D:1:      onia_arrival_handbag
D:2:      roderic_lattice_a

Action                   |  1- 3 |  4- 6 || total
-------------------------+-------+-------++-------
Melee: War axe           |   112 |    22 ||   134
Throw: Tomahawk          |    10 |       ||    10
  Use: Scroll            |     5 |     1 ||     6
  Eat: Bread ration      |     1 |       ||     1
